[Event "TUR-ch Veterans 2019"]
[Site "Belek"]
[Date "2019.01.25"]
[Round "6.4"]
[White "Korkmaz, Turhan"]
[Black "Bozkir, Dursun Murat"]
[Result "1-0"]
[ECO "B22"]
[WhiteElo "1977"]
[BlackElo "1684"]
[Annotator "NA RC"]
[PlyCount "73"]
[EventDate "2019.01.20"]
[EventType "swiss"]
[EventCountry "TUR"]
[SourceTitle "playchess.com"]
[Source "ChessBase"]
[SourceQuality "1"]
[TimeControl "5400+30"]

1. e4 c5 2. c3 d5 3. exd5 Qxd5 4. Nf3 Bg4 5. Be2 {[%emt 0:00:30] B22: Sicilian: 2 c3} Nc6 6. Na3 e5 (6... Nf6 7. d3 e6 8. Nc4 Qd7 9. Qb3 Bxf3 10. Bxf3 Nd5 11. Bg5 Rc8 12. O-O Be7 13. Bxe7 Kxe7 {1-0 (49) Emms,J (2488)-Benjamin,J (2544) Dresden 2018}) 7. Nb5 Rc8 8. c4 $146 ({You set blue moves yourself with the critical opening position annotation.:} 8. d3 Nf6 9. O-O Be7 10. h3 Bh5 11. d4 cxd4 12. g4 Nxg4 13. Nfxd4 Nxf2 14. Rxf2 Bxe2 15. Rxe2 exd4 16. Nxd4 {0-1 (29) Woestmann,U (1950)-Doennebrink,E (1986) Germany 2010}) 8... Qd7 9. h3 Bxf3 10. Bxf3 a6 11. Nc3 Nd4 12. Nd5 Nxf3+ 13. Qxf3 Rc6 14. O-O Ne7 15. Re1 f6 16. Ne3 g6 17. d3 Bg7 18. b4 f5 ({Inferior is} 18... Qxd3 19. Rd1 $16) (18... cxb4 $11 19. Bb2 O-O) 19. Rb1 Qxd3 ({Black should try} 19... Rb6 $14) 20. Rb3 e4 $2 (20... Qd7 $16) 21. Rxd3 exf3 22. Nd5 Bf6 23. Rde3 O-O 24. Nxe7+ ({Resist} 24. Rxe7 Bxe7 25. Nxe7+ Kf7 $18) 24... Bxe7 25. Rxe7 Rf7 26. Bh6 Rxe7 27. Rxe7 cxb4 28. Rg7+ Kf8 29. Rxb7+ Ke8 30. Rxb4 fxg2 31. h4 $18 a5 32. Ra4 Kf7 33. Bd2 Ke6 34. Kxg2 Ke5 35. Bc3+ Ke4 36. Bxa5 Kd3 37. Ra3+ 1-0

[Event "TUR-ch Veterans 2019"]
[Site "Belek"]
[Date "2019.01.25"]
[Round "6.5"]
[White "Ozkoc, Ali"]
[Black "Onem, Cem"]
[Result "0-1"]
[ECO "D00"]
[WhiteElo "1773"]
[BlackElo "1840"]
[Annotator "NA"]
[PlyCount "96"]
[EventDate "2019.01.20"]
[EventType "swiss"]
[EventCountry "TUR"]
[SourceTitle "playchess.com"]
[Source "ChessBase"]
[SourceQuality "1"]
[TimeControl "5400+30"]

1. d4 d5 2. Bf4 e6 3. e3 c5 4. c3 Nf6 5. Nd2 Bd6 6. Bg5 {[%emt 0:01:00] D00: 1 d4 d5: Unusual lines} (6. Bb5+ Nc6 7. Bg3 Bxg3 8. hxg3 Qd6 9. g4 e5 10. dxe5 Qxe5 11. Ngf3 Qe7 12. g5 Ne4 13. Bxc6+ bxc6 {0-1 (31) Naiditsch,A (2705)-Inarkiev,E (2689) Riadh 2017}) 6... cxd4 7. exd4 O-O $146 ({Predecessor:} 7... h6 8. Bh4 Qc7 9. Qf3 Nbd7 10. Bb5 Bf4 11. Bxf6 gxf6 {1-0 (26) Spahn,A (1907)-Fresser,F (1623) Hanau 2015}) 8. Ngf3 h6 9. Bh4 Nbd7 10. Bd3 a6 11. O-O b5 12. Re1 g5 (12... Qc7 $14) 13. Bg3 Bxg3 14. hxg3 Bb7 15. Bc2 Ng4 16. Nf1 Qf6 17. Ne3 Nxe3 18. Rxe3 Rfe8 (18... Qg7 $14) 19. Ne5 Nxe5 20. Rxe5 Qg7 21. Qg4 Bc8 22. Rae1 Bd7 23. Qh5 f6 24. R5e3 $16 e5 25. dxe5 Rxe5 26. Bb3 Bc6 27. Rxe5 fxe5 28. Qf3 Rd8 29. Qf5 Re8 30. Rd1 Qf7 31. Qxf7+ Kxf7 32. Bxd5+ Bxd5 33. Rxd5 Ke6 34. Rd2 Rc8 35. g4 Rc4 36. Rd8 Rxg4 37. Rh8 Ra4 38. Rxh6+ Kd5 39. Rg6 Rxa2 40. Rxg5 Rxb2 41. Rg6 a5 42. Ra6 a4 43. g4 Kc4 44. Rc6+ Kd3 45. g5 a3 46. Ra6 a2 47. Kg2 Kxc3 48. g6 Rb4 0-1

[Event "TUR-ch Veterans 2019"]
[Site "Belek"]
[Date "2019.01.25"]
[Round "6.6"]
[White "Uzuner, Tufan Can"]
[Black "Marthedal, Anton Mehmet Yildiz"]
[Result "1-0"]
[ECO "B38"]
[WhiteElo "1889"]
[BlackElo "1885"]
[Annotator "NA"]
[PlyCount "113"]
[EventDate "2019.01.20"]
[EventType "swiss"]
[EventCountry "TUR"]
[SourceTitle "playchess.com"]
[Source "ChessBase"]
[SourceQuality "1"]
[TimeControl "5400+30"]

1. Nf3 c5 2. c4 Nf6 3. Nc3 Nc6 4. d4 cxd4 5. Nxd4 g6 6. e4 d6 7. Be2 Bg7 8. Be3 Bd7 9. O-O a6 {[%emt 0:02:30] B38: Sicilian: Maroczy Bind with 5...Bg7 and 7...0-0} (9... O-O 10. f3 Qb6 11. Na4 Qa5 12. Nb5 Rfc8 13. Rc1 Ne5 14. b3 Be8 15. Qe1 Qxe1 16. Rfxe1 Nc6 17. Red1 Nd7 18. f4 b6 19. Bg4 h5 {0-1 (66) Neiksans,A (2582)-Kovalenko,I (2635) Tallinn 2018}) 10. f3 Rc8 11. Qd2 {[%emt 0:01:30] LiveBook: 4 Games} h5 12. Rac1 h4 13. Rfd1 h3 14. g3 Ne5 15. Nd5 Nh5 $2 $146 ({Better is Predecessor:} 15... O-O $14 16. Qb4 Nc6 17. Nxc6 bxc6 {1-0 (67) Baikov,V (2380)-Motyliov,A Yerevan 1983}) 16. Nb3 Bc6 17. Bb6 Qd7 18. Bd4 (18. f4 $18) 18... Qe6 $18 (18... Bxd5 $16 19. exd5 (19. cxd5 O-O $16) 19... O-O) 19. Be3 Nf6 20. Nd4 Qd7 21. Nb6 Qd8 22. Nxc8 Qxc8 23. Nxc6 bxc6 24. Bf4 Nfd7 25. Rc2 c5 26. Qe3 Nc6 27. Qa3 Nd4 28. Rcd2 g5 29. Bxg5 Ne5 30. Rf1 Qc6 31. Be3 Nxe2+ 32. Rxe2 Nxc4 33. Qb3 Nxe3 34. Rxe3 Bd4 35. Kh1 Bxe3 36. Qb8+ Kd7 37. Qxh8 Qb5 38. Qxh3+ e6 39. Qg2 Qa5 40. Qe2 Bd4 41. b3 Qa3 42. Kg2 d5 43. exd5 exd5 44. Re1 Kc6 45. Qe8+ Kb6 46. Re2 Qc1 47. Re1 Qc2+ 48. Qe2 Qf5 49. Rd1 Bf6 50. Qd2 d4 51. Qd3 Qd7 52. h4 Qb5 53. a4 Qe8 54. Rd2 Qg8 55. Qe4 Ka5 56. Qf5 Be7 57. Rxd4 1-0

[Event "TUR-ch Veterans 2019"]
[Site "Belek"]
[Date "2019.01.25"]
[Round "6.7"]
[White "Guner, Bulent"]
[Black "Taskiran, Erol"]
[Result "1/2-1/2"]
[ECO "D46"]
[WhiteElo "1987"]
[BlackElo "1758"]
[Annotator "NA"]
[PlyCount "131"]
[EventDate "2019.01.20"]
[EventType "swiss"]
[EventCountry "TUR"]
[SourceTitle "playchess.com"]
[Source "ChessBase"]
[SourceQuality "1"]
[TimeControl "5400+30"]

1. d4 Nf6 2. Nf3 d5 3. c4 e6 4. Nc3 c6 5. e3 Nbd7 6. Bd3 c5 7. O-O Be7 8. b3 O-O 9. Bb2 {[%emt 0:00:30] D46: Semi-Slav: 5 e3 Nbd7 6 Bd3, Black avoids the Meran} b6 10. Rc1 Bb7 {[%emt 0:02:30] LiveBook: 4 Games} 11. Qe2 Rc8 12. Rfd1 h6 13. cxd5 Nxd5 $146 ({Predecessor:} 13... exd5 14. Bf5 g6 15. Bh3 a6 16. Ne5 cxd4 17. exd4 Rc7 18. Qf3 Nb8 19. Ne2 {1-0 (29) Peralta,F (2606)-Anguera Maestro,J (2153) La Pobla de Lillet 2012}) 14. Nxd5 exd5 15. Bf5 Rc7 16. h3 Bf6 17. Bb1 cxd4 18. Nxd4 Ne5 (18... Rxc1 $14 19. Rxc1 g6) 19. Rxc7 Qxc7 20. Rc1 Qd8 (20... Qd7 $16) 21. Qc2 (21. Ba3 $142) 21... Ng6 22. Nf5 Bxb2 (22... Re8 $16) 23. Qxb2 $18 d4 24. Qxd4 Qxd4 25. Nxd4 Ne5 26. Rc7 Rc8 27. Rxc8+ Bxc8 28. f4 Nd7 29. Bf5 g6 30. Nc6 gxf5 31. Ne7+ Kg7 32. Nxc8 a5 33. Kf2 Kf6 34. Nd6 Nc5 35. Kf3 a4 36. b4 Nd3 37. b5 a3 38. Nc4 Nb4 39. Nxa3 Nxa2 40. Nc2 Nc3 41. Nd4 h5 42. g3 Kg6 43. g4 hxg4+ 44. hxg4 fxg4+ 45. Kxg4 f6 46. f5+ Kf7 47. Kf4 Ke7 48. e4 Kd6 49. Ke3 Ke5 50. Nc6+ Kd6 51. Nd4 Ke5 52. Nf3+ Kd6 53. Kf4 Nxb5 54. e5+ fxe5+ 55. Nxe5 Nc7 56. Nc4+ Ke7 57. Nxb6 Kf7 58. Ke5 Ne8 59. Nc4 Kf8 60. Nd6 Nxd6 61. Kxd6 Kf7 62. Ke5 Ke7 63. f6+ Kf7 64. Kf5 Kf8 65. Ke5 Kf7 66. Ke4 1/2-1/2

[Event "TUR-ch Veterans 2019"]
[Site "Belek"]
[Date "2019.01.25"]
[Round "6.8"]
[White "Altinok, Metin"]
[Black "Tozaki, Halil"]
[Result "0-1"]
[ECO "B50"]
[WhiteElo "1647"]
[BlackElo "1930"]
[Annotator "NA"]
[PlyCount "181"]
[EventDate "2019.01.20"]
[EventType "swiss"]
[EventCountry "TUR"]
[SourceTitle "playchess.com"]
[Source "ChessBase"]
[SourceQuality "1"]
[TimeControl "5400+30"]

1. e4 c5 2. Nf3 e6 3. Nc3 a6 4. a4 Nc6 5. Bc4 Nf6 6. O-O d6 7. d3 Be7 8. Re1 O-O {[%emt 0:00:00] B50: Sicilian: 2...d6, Miscellaneous} 9. Ne2 (9. Bb3 Rb8 10. h3 b5 11. axb5 axb5 12. Bf4 b4 13. Ne2 e5 14. Ba4 Nd4 15. Nfxd4 cxd4 16. Bh2 {0-1 (49) Guerrero Forero,R (2125)-Nunez V,G (2150) Ibague 2018}) 9... Ne5 $146 ({Predecessor:} 9... d5 10. exd5 exd5 11. Bb3 Bg4 12. Ng3 Re8 13. c3 Qc7 14. h3 Bxf3 15. Qxf3 {0-1 (40) Rummer,E (1439)-Thana Balasingam,A (1926) Willingen 2009}) 10. Nxe5 dxe5 11. Bg5 Qc7 12. Nc3 h6 13. Be3 Nd7 14. Qg4 Nf6 (14... Kh7 $1 $11) 15. Qg3 Kh7 16. Rf1 Nh5 17. Qf3 Nf4 18. Kh1 b6 19. Ne2 (19. h4 $5) 19... g5 20. g3 Nxe2 21. Qxe2 f5 22. f3 f4 23. Bd2 Bd7 24. Qg2 b5 25. Ba2 Rad8 26. Rg1 c4 27. gxf4 exf4 28. dxc4 bxc4 29. Qe2 Rc8 ({Much worse is} 29... Bxa4 $6 30. Bxc4 Qc6 31. Bc3 $14) 30. c3 e5 31. Bb1 $2 (31. b4 $17 {was called for.}) 31... Bc5 32. Rd1 Be6 33. Be1 Rfd8 34. Bc2 Rxd1 $19 35. Rxd1 Rd8 36. Rxd8 Qxd8 37. Qd2 Qxd2 38. Bxd2 Bh3 39. Bd1 Bf1 40. b4 cxb3 41. Bxb3 Kg6 42. Be6 h5 43. Bc8 Bf2 44. Bc1 h4 45. h3 Kf6 46. Ba3 Bc4 47. Kg2 Be3 48. Bb4 Bb6 49. a5 Bd8 50. Kf2 Be7 51. Ke1 Bxb4 52. cxb4 Ke7 53. Kd2 Kd8 54. Kc3 Bb5 55. Be6 Bf1 56. Kb3 Kc7 57. Kc3 Kc6 58. Bf5 Kd6 59. Bg4 Be2 60. Kb3 Kc6 61. Kc3 Kd6 62. Kb3 Bb5 63. Kc3 Kc7 64. Be6 Bf1 65. Kb3 Be2 66. Bg4 Kd6 67. Kc3 Bb5 68. Bf5 Be8 69. Bg4 Bc6 70. Kc4 Bb5+ 71. Kc3 Bd7 72. Bf5 Kc6 73. Kc4 Be8 74. Be6 Bh5 75. Bd5+ Kc7 76. b5 Bxf3 77. b6+ Kb8 78. Kc5 Be2 79. Be6 Bd3 80. Bg4 Bxe4 81. Kd6 f3 82. Kxe5 f2 83. Be2 Bg2 84. Bxa6 g4 85. hxg4 h3 86. g5 h2 87. g6 h1=Q 88. g7 Qh5+ 89. Kf6 Qh6+ 90. Kf7 Bd5+ 91. Ke7 0-1

[Event "TUR-ch Veterans 2019"]
[Site "Belek"]
[Date "2019.01.25"]
[Round "6.9"]
[White "Azizoglu, Ayhan"]
[Black "Alnajih, Mustafa A."]
[Result "1-0"]
[ECO "B21"]
[WhiteElo "1861"]
[BlackElo "1842"]
[Annotator "NA"]
[PlyCount "63"]
[EventDate "2019.01.20"]
[EventType "swiss"]
[EventCountry "TUR"]
[SourceTitle "playchess.com"]
[Source "ChessBase"]
[SourceQuality "1"]
[TimeControl "5400+30"]

1. e4 c5 2. d4 cxd4 3. c3 dxc3 4. Nxc3 Nc6 5. Nf3 d6 6. Bc4 e6 7. O-O Nf6 8. Qe2 Be7 9. Rd1 Bd7 10. Bf4 {[%emt 0:08:00] B21: Sicilian: 2 f4 and Morra Gambit} (10. Nb5 O-O 11. Nxd6 Bxd6 12. Rxd6 Qc7 13. Rd1 a6 14. e5 Nd5 15. Qe4 Nce7 16. Bg5 Bc6 17. Bd3 Ng6 {1-0 (45) Vasiliev,V (2351)-Kurilin,A (2281) Bogoroditsk 2013}) 10... e5 11. Bg5 Be6 12. Bxf6 Bxf6 13. Bxe6 $146 ({You set blue moves yourself with the critical opening position annotation.:} 13. Nd5 Bxd5 14. Bxd5 O-O 15. Qb5 Qd7 16. Rac1 Rac8 17. Rc3 Rc7 18. Rdc1 Rfc8 19. Qa4 {0-1 (40) Khobeliya,L (1578)-Alvarez Albiol,V (1828) Batumi 2014}) 13... fxe6 14. Nb5 Nd4 (14... O-O $11 {remains equal.}) 15. Nfxd4 exd4 16. Nxd4 Bxd4 17. Rxd4 Qb6 (17... Rc8 $16) 18. Rad1 Rd8 19. Qh5+ g6 $16 20. Qg4 Kf7 21. Qf4+ Ke7 22. Qg5+ Kf7 23. e5 Rhe8 24. Rxd6 Rxd6 25. Qf6+ Kg8 26. exd6 Qd8 27. d7 Rf8 28. Qxe6+ Kg7 29. Qe5+ Kh6 30. Qe3+ Kg7 31. Qxa7 Qf6 32. Qd4 1-0

[Event "TUR-ch Veterans 2019"]
[Site "Belek"]
[Date "2019.01.25"]
[Round "6.10"]
[White "Cosan, Gokmen"]
[Black "Yalciner, Suleyman"]
[Result "1/2-1/2"]
[ECO "D31"]
[WhiteElo "1727"]
[BlackElo "1491"]
[Annotator "NA"]
[PlyCount "152"]
[EventDate "2019.01.20"]
[EventType "swiss"]
[EventCountry "TUR"]
[SourceTitle "playchess.com"]
[Source "ChessBase"]
[SourceQuality "1"]
[TimeControl "5400+30"]

1. d4 d5 2. c4 e6 3. Nc3 c6 4. e3 Bd6 5. Nf3 Nd7 6. e4 dxe4 7. Nxe4 Bc7 8. Bd3 Ngf6 9. O-O h6 10. Re1 O-O 11. b3 Nxe4 12. Bxe4 Nf6 13. Bc2 Re8 14. Ne5 Bxe5 15. Rxe5 Nd7 16. Qd3 f5 17. Re1 Nf6 18. Bb2 b6 19. Re3 Qc7 20. Rae1 Bd7 21. h3 Rad8 22. Re5 Bc8 23. Qf3 Qf7 24. Qxc6 Bb7 25. Qb5 Qg6 26. d5 exd5 27. Bxf5 Qxf5 28. Rxf5 Rxe1+ 29. Kh2 d4 30. Re5 Rb1 31. Ba3 d3 32. Bb4 d2 33. Bxd2 Rxd2 34. Re7 Be4 35. Rxe4 Rxf2 36. Re3 Rbb2 37. Rg3 Rbe2 38. Qc6 Rxa2 39. b4 Rae2 40. c5 bxc5 41. bxc5 Ne4 42. Rg4 Nf6 43. Ra4 Ne4 44. Qxe4 Rxe4 45. Rxe4 Rc2 46. Re8+ Kf7 47. Rc8 a5 48. c6 a4 49. c7 a3 50. Ra8 Rxc7 51. Rxa3 Rc2 52. Kg3 g6 53. Kf3 Rc1 54. g4 Rf1+ 55. Kg2 Rb1 56. Rf3+ Kg7 57. h4 Rb5 58. Kg3 Ra5 59. Rb3 Rc5 60. Rb4 Ra5 61. Kf4 Rc5 62. Rb7+ Kg8 63. Re7 Ra5 64. Re5 Ra4+ 65. Re4 Ra5 66. Rb4 Rc5 67. Ke4 Ra5 68. Rd4 Kf7 69. Rc4 Rb5 70. Rd4 Kf6 71. Rd6+ Kf7 72. Rd4 Kf6 73. Rc4 Re5+ 74. Kd4 Ra5 75. Ke4 Re5+ 76. Kd4 Ra5 1/2-1/2

[Event "TUR-ch Veterans 2019"]
[Site "Belek"]
[Date "2019.01.25"]
[Round "6.11"]
[White "Tahaoglu, Erson"]
[Black "Ozmen, Halil Nejat"]
[Result "0-1"]
[ECO "A45"]
[WhiteElo "1454"]
[BlackElo "1802"]
[Annotator "NA RC"]
[PlyCount "62"]
[EventDate "2019.01.20"]
[EventType "swiss"]
[EventCountry "TUR"]
[SourceTitle "playchess.com"]
[Source "ChessBase"]
[SourceQuality "1"]
[TimeControl "5400+30"]

1. d4 Nf6 2. Bg5 Ne4 3. Bf4 c5 4. f3 Qa5+ 5. c3 Nf6 6. Nd2 cxd4 {[%emt 0:00:00] A45: Trompowsky Attack} 7. Nc4 (7. Nb3 Qb6 8. Qxd4 Nc6 9. Qxb6 axb6 10. Nd4 Ra5 11. b4 Ra4 12. e4 Nxd4 13. cxd4 e6 14. Bb5 Rxb4 15. a4 Rxd4 16. Ne2 Rb4 17. Kd2 Bc5 18. Kc2 {½-½ (40) Romanov,E (2619)-Svidler,P (2760) Sochi 2018}) 7... Qd8 8. Bxb8 Rxb8 9. Qxd4 b5 10. Qe5 $146 ({You set blue moves yourself with the critical opening position annotation.:} 10. Nd2 Qc7 11. e4 e5 12. Qd3 Bc5 13. b4 Be7 14. a3 {0-1 (55) Sokolin,L (2508)-Gurvich,V (2270) St Petersburg 2018}) 10... d6 11. Qd4 bxc4 12. Qxa7 Qb6 13. Qa3 Qxb2 14. Qxb2 Rxb2 15. e4 Ba6 16. Ne2 g6 17. Ng3 Bg7 18. f4 O-O 19. Be2 h5 20. O-O h4 21. e5 hxg3 22. exf6 gxh2+ 23. Kxh2 Bxf6 24. Bf3 Bxc3 25. Rac1 Bf6 26. a4 Kg7 27. Bd5 c3 28. Rf3 Rh8+ 29. Kg3 Bh4+ 30. Kg4 f5+ 31. Kh3 Bf2# 0-1

[Event "TUR-ch Veterans 2019"]
[Site "Belek"]
[Date "2019.01.25"]
[Round "6.12"]
[White "Karadag, Eflatun Cem"]
[Black "Subasi, Zeki"]
[Result "1/2-1/2"]
[ECO "E05"]
[WhiteElo "1927"]
[BlackElo "1707"]
[Annotator "NA"]
[PlyCount "75"]
[EventDate "2019.01.20"]
[EventType "swiss"]
[EventCountry "TUR"]
[SourceTitle "playchess.com"]
[Source "ChessBase"]
[SourceQuality "1"]
[TimeControl "5400+30"]

1. Nf3 Nf6 2. d4 d5 3. g3 e6 4. Bg2 Be7 5. O-O O-O 6. c4 dxc4 7. Qc2 a6 8. a4 Nc6 9. Qxc4 Bd7 {[%emt 0:00:30] E05: Open Catalan: 5 Nf3 Be7} 10. Ne5 Nxe5 11. dxe5 Nd5 $1 12. a5 $146 ({Predecessor:} 12. Rd1 Qc8 13. Nc3 Nxc3 14. Qxc3 c5 15. Be3 Rb8 16. b4 Bc6 17. Bxc5 Bxg2 18. Kxg2 {½-½ (32) Andreikin,D (2713)-Karjakin,S (2782) Moscow 2013}) 12... Bb5 13. Qg4 g6 14. Bh6 Re8 15. Rd1 {[%emt 0:01:30] [#]} ({Better is} 15. Nc3 $11) 15... Ne3 $1 16. Rxd8 Nxg4 17. Rxa8 Rxa8 18. Bf4 {[%emt 0:00:30] [#]} g5 $1 19. Bf3 gxf4 20. Bxg4 fxg3 21. hxg3 Rd8 22. Nc3 Bc6 23. Bf3 Bxf3 24. exf3 Rd2 25. Ne4 Rxb2 26. Rc1 c6 27. Rd1 Kf8 28. Kg2 (28. f4 $17 {might work better.}) 28... Rb5 29. f4 Rd5 ({Better is} 29... Rxa5 $19 30. Rd7 Rb5) 30. Rb1 Rd7 ({Black should play} 30... Rd4 $15 31. Nf6 Bxf6 32. exf6 Rd7) 31. g4 Rd4 32. f3 Rb4 33. Rd1 Rb5 34. f5 Rd5 35. Rb1 Rb5 ({But not} 35... Rxa5 36. f6 $11) 36. Rd1 Rd5 37. Rb1 Rb5 $11 38. Rd1 $1 1/2-1/2

[Event "TUR-ch Veterans 2019"]
[Site "Belek"]
[Date "2019.01.25"]
[Round "6.13"]
[White "Yuksel, Mustafa"]
[Black "Akinci, Ahmet"]
[Result "1-0"]
[ECO "A46"]
[WhiteElo "2031"]
[BlackElo "1402"]
[Annotator "NA"]
[PlyCount "137"]
[EventDate "2019.01.20"]
[EventType "swiss"]
[EventCountry "TUR"]
[SourceTitle "playchess.com"]
[Source "ChessBase"]
[SourceQuality "1"]
[TimeControl "5400+30"]

1. d4 Nf6 2. Nf3 e6 3. Bf4 c5 4. e3 Nc6 5. Nbd2 {[%emt 0:00:00] A46: 1 d4 Nf6 2 Nf3 e6: Torre, London and Colle Systems} (5. Nc3 cxd4 6. exd4 Bb4 7. Bd3 O-O 8. O-O d5 9. Ne2 Be7 10. c3 Nh5 11. Re1 Bd7 12. Qc2 h6 {1-0 (39) Parligras,M (2623)-Almasi,Z (2702) Douglas 2018}) 5... Qb6 6. Nc4 Qd8 7. Nd6+ Bxd6 8. Bxd6 cxd4 9. exd4 $146 ({Predecessor:} 9. Nxd4 Ne4 10. Nb5 Nxd6 11. Qxd6 Qa5+ 12. c3 Kd8 {1-0 (20) Bistric,F (2430)-Turbuk,V Zadar 1998}) 9... Ne4 10. Ba3 ({White should try} 10. Bf4 $14) 10... d6 (10... Qa5+ $15 {stays ahead.} 11. Nd2 Nxd4) 11. Bd3 Nf6 12. O-O O-O 13. Qd2 Re8 14. Rfe1 b6 (14... Qd7 $14) 15. Qf4 d5 16. Qh4 ({White should try} 16. Ne5 $16 Nxe5 17. dxe5) 16... h6 17. Rad1 a5 18. c3 Ba6 19. Bb1 Qc7 20. Ne5 Nd7 21. Ng4 ({Weaker is} 21. Nxf7 Kxf7 22. Qg4 Nf6 $15) 21... Qf4 22. Qh3 ({Better is} 22. h3 $16) 22... b5 $2 (22... f5 $11 23. Ne3 Nf6) 23. b3 $2 (23. g3 $18 Qf3 24. Rd3 Qxd3 25. Bxd3) 23... f5 $1 24. Ne3 Nf6 25. f3 Kf7 26. Bc1 Qd6 {[%emt 0:00:30] [#]} 27. g3 (27. g4 $1 $16) 27... g5 $18 (27... b4 $11 {and Black is okay.}) 28. Bxf5 exf5 29. Nxf5 Qd7 30. Nxh6+ Kg6 31. Qxd7 Nxd7 32. Ng4 b4 33. Rxe8 Rxe8 34. cxb4 axb4 35. Be3 Be2 36. Rc1 Re6 37. Kf2 Bd3 38. a3 bxa3 39. Ra1 Nb4 40. Rxa3 Nc2 41. Ra5 Nf6 42. Ne5+ Kg7 43. Bxg5 Bh7 44. Bxf6+ Kxf6 45. Rxd5 Ra6 46. g4 Ra3 47. Rd6+ Kg7 48. Rd7+ Kg8 49. h4 Rxb3 50. h5 Rb4 51. Rd8+ Kg7 52. Rd7+ Kg8 53. h6 Bd3 54. Nxd3 Nxd4 55. Nf4 Rb2+ 56. Kg3 Rb6 57. Rxd4 Rxh6 58. Rd7 Rh1 59. Nh5 Ra1 60. Kh4 Ra5 61. f4 Kh8 62. Nf6 Ra7 63. g5 Rb7 64. g6 Rxd7 65. Nxd7 Kg7 66. Kg5 Kg8 67. f5 Kg7 68. f6+ Kh8 69. f7 1-0

[Event "TUR-ch Veterans 2019"]
[Site "Belek"]
[Date "2019.01.25"]
[Round "6.14"]
[White "Muratoglu, Salih"]
[Black "Topaloglu, Hayati"]
[Result "1-0"]
[ECO "D46"]
[WhiteElo "1950"]
[BlackElo "1740"]
[Annotator "NA RC"]
[PlyCount "67"]
[EventDate "2019.01.20"]
[EventType "swiss"]
[EventCountry "TUR"]
[SourceTitle "playchess.com"]
[Source "ChessBase"]
[SourceQuality "1"]
[TimeControl "5400+30"]

1. d4 d5 2. c4 c6 3. Nf3 Nf6 4. e3 e6 5. Nc3 Nbd7 6. Bd3 Bd6 7. O-O O-O 8. e4 dxe4 9. Nxe4 Nxe4 10. Bxe4 Nf6 11. Bc2 h6 12. h3 {[%emt 0:01:30] D46: Semi-Slav: 5 e3 Nbd7 6 Bd3, Black avoids the Meran} (12. b3 b5 13. c5 Bc7 14. a3 a5 15. Bd2 Qd5 16. Re1 Rd8 17. Qc1 Ba6 18. Bxh6 b4 19. Bg5 Kf8 20. a4 Ke8 {1-0 (32) Landa,K (2609)-Megaranto,S (2499) Vlissingen 2005}) 12... Re8 13. Re1 Bd7 $146 ({You set blue moves yourself with the critical opening position annotation.:} 13... b6 14. a3 Bb7 15. b3 c5 16. dxc5 Bxc5 17. Qe2 Qc7 18. Bb2 Be7 19. Rad1 Rad8 20. Rxd8 Rxd8 {½-½ (35) Csetneki,M (1536)-Toth,A (1664) Budapest 2010}) 14. Ne5 Qc7 15. c5 Bf8 16. Qf3 (16. Qd3 $142) 16... Qd8 $2 (16... Red8 17. Bxh6 Be8) 17. Re4 (17. g4 $18) 17... Qe7 {[%emt 0:03:30] [#]} 18. Rf4 $1 Red8 19. Qg3 Nh5 20. Qd3 f5 21. Rf3 Be8 22. g4 Nf6 23. gxf5 exf5 24. Rxf5 g6 25. Rf3 Nh5 $2 (25... Qxe5 {was necessary.} 26. dxe5 Rxd3 27. Bxd3 Nd5) 26. Be3 Bg7 27. Nxg6 Bxg6 28. Qxg6 Nf6 29. Bxh6 Rxd4 30. Bxg7 Qxg7 31. Rxf6 Re8 32. Qxg7+ Kxg7 33. Rg6+ Kf7 34. Rd6 $18 1-0

[Event "TUR-ch Veterans 2019"]
[Site "Belek"]
[Date "2019.01.25"]
[Round "6.15"]
[White "Alkan, Sukru"]
[Black "Cicek, Cemil"]
[Result "0-1"]
[ECO "D03"]
[WhiteElo "1484"]
[BlackElo "1999"]
[Annotator "NA"]
[PlyCount "132"]
[EventDate "2019.01.20"]
[EventType "swiss"]
[EventCountry "TUR"]
[SourceTitle "playchess.com"]
[Source "ChessBase"]
[SourceQuality "1"]
[TimeControl "5400+30"]

1. d4 d5 2. Nf3 Nf6 3. Bg5 e6 4. Nbd2 Be7 5. e3 Nbd7 6. Bd3 c5 7. c3 Qb6 8. Rb1 {[%emt 0:02:00] D03: 1 d4 d5 2 Nf3 Nf6 3 Bg5, including Torre Attack with early ...d5} a5 9. O-O $146 ({Predecessor:} 9. Qe2 O-O 10. Ne5 Re8 11. f4 Qc7 12. O-O c4 13. Bc2 b5 14. Rf3 {1-0 (35) Rodriguez Gonzalez,J (2262)-Vukotic Jovsic,D (1995) Madrid 2009}) 9... Qc7 10. Qe2 c4 11. Bc2 b5 12. e4 dxe4 13. Nxe4 Bb7 14. Rfe1 O-O 15. Bh4 Rfe8 16. Bg3 Qb6 17. h3 Nd5 (17... Nxe4 $11 18. Bxe4 Bxe4 19. Qxe4 Rac8) 18. Ne5 Nf8 19. Qh5 g6 (19... Ng6 $16 {was called for.}) 20. Qh6 Qd8 {[%emt 0:01:30] [#]} 21. Nf3 $2 (21. Nxf7 $1 $18 Kxf7 22. Be5) 21... f5 (21... Nf6 $1 $11) 22. Nc5 Bc8 23. Be5 Bf6 24. Re2 Bxe5 25. Rxe5 Ra7 26. Rbe1 Rae7 27. h4 Nf6 28. R5e2 Ng4 29. Qf4 Rg7 30. Ne5 Nf6 (30... g5 $16 31. hxg5 Nxe5) 31. Qg5 Nd5 32. Qxd8 Rxd8 33. Nc6 Rd6 34. Ne5 h6 35. Kh2 g5 36. Nf3 b4 37. cxb4 axb4 38. Ne5 Nf4 39. Rd2 $1 gxh4 40. Nxc4 Rxg2+ 41. Kh1 Rd8 42. Ne3 Rg7 43. Bb3 Kh7 44. Rg1 (44. d5 $11) 44... Rc7 45. Rgd1 Rd6 46. Nc4 Rd8 47. Ne5 N8g6 48. Nxg6 Kxg6 49. Kg1 (49. Rc2 $15) 49... Kf6 $17 50. Kh2 Rg8 51. Rg1 Rg5 52. Nd3 Nxd3 53. Rxd3 Rcg7 54. Rdd1 Bb7 55. Rxg5 hxg5 56. Re1 Be4 57. f3 Bd5 58. Bxd5 exd5 59. a4 bxa3 60. bxa3 Ra7 61. Re3 Ra4 62. Rd3 g4 63. Kg2 Kg5 64. Rb3 Rxd4 65. Rb4 Rd2+ 66. Kf1 g3 0-1

[Event "TUR-ch Veterans 2019"]
[Site "Belek"]
[Date "2019.01.25"]
[Round "6.16"]
[White "Bapoglu, Ibrahim"]
[Black "Buyukgokcesu, Tahir Sami"]
[Result "1/2-1/2"]
[ECO "B62"]
[WhiteElo "1549"]
[BlackElo "1557"]
[Annotator "NA RC"]
[PlyCount "63"]
[EventDate "2019.01.20"]
[EventType "swiss"]
[EventCountry "TUR"]
[SourceTitle "playchess.com"]
[Source "ChessBase"]
[SourceQuality "1"]
[TimeControl "5400+30"]

1. e4 c5 2. Nf3 Nc6 3. Bb5 d6 4. d4 cxd4 5. Nxd4 Bd7 6. O-O Nf6 7. Nc3 e6 8. Bg5 Be7 9. Re1 O-O 10. Nxc6 bxc6 11. Be2 Qc7 12. Bf3 e5 13. Qd2 Be6 14. Rad1 Rab8 15. b3 Rfd8 16. h3 Qc8 17. Qe2 Qb7 18. Rd3 Qa6 19. Red1 Qa5 20. a4 Bc8 21. Bxf6 Bxf6 22. Qd2 Be7 23. Nd5 Qxd2 24. Nxe7+ Kf8 25. Ng6+ hxg6 26. R1xd2 Ke7 27. c4 c5 28. g4 a5 29. Kh2 Rb6 30. Bd1 g5 31. Bc2 Rh8 32. Kg2 1/2-1/2